 Dungeon Crawl Stone Soup version 0.23.2-33-g5129a83184 (webtiles) character file.

Game seed: 9956326753647034412

299 t4s4d4r the Slasher (level 6, -2/48 HPs)
             Began as a Draconian Skald on July 14, 2019.
             Killed by divine providence
             ... invoked by an orc priest
              (15 damage)
             ... on level 3 of the Dungeon.
             The game lasted 00:04:13 (3751 turns).

t4s4d4r the Slasher (Draconian Skald)               Turns: 3751, Time: 00:04:14

Health: -2/48      AC:  8    Str: 13    XL:     6   Next: 13%
Magic:  7/9        EV: 12    Int: 16    God:
Gold:   106        SH:  0    Dex: 10    Spells: 3/9 levels left

rFire    . . .     SeeInvis .   a - +0 falchion
rCold    . . .     Gourm    .   (no shield)
rNeg     . . .     Faith    .   (armour unavailable)
rPois    .         Spirit   .   (helmet restricted)
rElec    .         Reflect  .   e - +0 cloak
rCorr    .         Harm     .   (no gloves)
MR       .....                  o - +0 pair of boots
Stlth    +.........             (no amulet)
HPRegen  0.16/turn              (no ring)
MPRegen  0.11/turn              (no ring)

@: no status effects
A: unfitting armour, cold-blooded, AC +6
a: no special abilities


You were on level 3 of the Dungeon.
You were hungry.

You visited 1 branch of the dungeon, and saw 4 of its levels.

You collected 106 gold pieces.

Inventory:

Hand Weapons
 a - a +0 falchion (weapon)
Missiles
 d - 212 stones (quivered)
Armour
 e - a +0 cloak (worn)
 m - a +1 buckler
 o - a +0 pair of boots (worn)
Wands
 n - a wand of iceblast (4)
Scrolls
 b - a scroll of teleportation {unknown}
 f - a scroll of immolation {unknown}
 g - a scroll of fear {unknown}
 k - a scroll of enchant weapon {unknown}
 l - a scroll of remove curse {unknown}
Potions
 h - 3 potions of haste
 i - a potion of mutation {unknown}
 j - a potion of curing {unknown}
Comestibles
 c - 5 rations
 p - 3 chunks of flesh


   Skills:
 - Level 2.1 Fighting
 + Level 6.5 Long Blades
 - Level 2.1 Dodging
 - Level 2.0 Spellcasting
 - Level 2.6 Charms


You had 3 spell levels left.
You knew the following spells:

 Your Spells              Type           Power        Failure   Level  Hunger
a - Infusion              Chrm           ##..         7%          1    #......
b - Shroud of Golubria    Chrm/Tloc      #.........   19%         2    ###....
c - Spectral Weapon       Hex/Chrm       #.......     34%         3    ###....

Your spell library contained the following spells:

 Spells                   Type           Power        Failure   Level  Hunger
 Song of Slaying          Chrm           ##......     11%         2    ###....
 Regeneration             Chrm/Necr      #.........   34%         3    ###....


Dungeon Overview and Level Annotations

Branches:
Dungeon (4/15)
 Temple: D:4-7

Altars:

Annotations:
D:3 Purgy


Innate Abilities, Weirdness & Mutations

Your plain brown scales are hard. (AC +6)
You cannot fit into any form of body armour.
You are cold-blooded and may be slowed by cold attacks.


Message History

The orc priest hits you with a +2 flail of protection.
The orc barely misses you. The orc priest barely misses you.
Unknown command.
You closely miss the orc priest.
The orc priest is lightly wounded.
Your spectral weapon barely misses the orc priest.
The orc priest hits you with a +2 flail of protection.
The orc priest invokes the aid of Beogh against you.
Beogh smites you!
* * * LOW HITPOINT WARNING * * *
You see here a tomahawk.
The orc priest completely misses your spectral weapon.
You see here a tomahawk.
The orc throws a stone.
The stone hits your spectral weapon but does no damage.
The orc throws a stone.
The stone hits your spectral weapon.
The orc priest casts a cantrip, but nothing happens.
The orc priest mumbles some strange prayers to Beogh against you.
Beogh smites you!
You die...

#.##.##...##### # #.##......#
# #. #.##..#).รท# # #.
#.##......# ## #.###.#
#.###.##.## ##. .....
#...(....# ##.. #..##
#####.######...
####..o###########...####....
.'....oKoo..(@...........'....
.####...###########....###....
#..## #.....# ##... #.#
#.##### ##.. #. #.# ##. #. #.#
## #. ####.#### # #.....))# #
#.#####.# ##


You could see 2 orc priests, 2 orcs, a kobold and a friendly spectral +0
falchion.

Vanquished Creatures
  A bullfrog (D:3)
  An orc priest (D:3)
  2 orc wizards (D:3)
  Ijyb (D:3)
  2 adders
  4 gnolls
  2 oozes
  2 worms (D:2)
  2 dart slugs
  3 leopard geckos
  4 orcs (D:3)
  2 giant cockroaches
  10 goblins
  5 hobgoblins
  A quokka (D:2)
  4 bats
  4 frilled lizards
  4 kobolds
  4 rats
58 creatures vanquished.

Vanquished Creatures (others)
  A spectral weapon (D:3)
1 creature vanquished.

Grand Total: 59 creatures vanquished

Notes
Turn   | Place    | Note
-------+----------+-------------------------------------------
     0 | D:1      | t4s4d4r the Draconian Skald began the quest for the Orb.
     0 | D:1      | Reached XP level 1. HP: 17/17 MP: 3/3
   212 | D:1      | Reached XP level 2. HP: 22/24 MP: 5/5
   347 | D:1      | Reached skill level 3 in Long Blades
   776 | D:1      | Reached XP level 3. HP: 19/29 MP: 6/6
   889 | D:1      | Learned a level 2 spell: Shroud of Golubria
   893 | D:1      | Learned a level 3 spell: Spectral Weapon
  1409 | D:2      | Reached skill level 4 in Long Blades
  1600 | D:2      | You fall through a shaft for 2 floors!
  1795 | D:3      | Noticed a bullfrog
  1802 | D:3      | Killed a bullfrog
  1802 | D:3      | Reached skill level 5 in Long Blades
  1802 | D:3      | Reached XP level 4. HP: 17/36 MP: 7/7
  1971 | D:3      | Noticed Purgy
  2461 | D:3      | Noticed Ijyb
  2503 | D:3      | Killed Ijyb
  2503 | D:3      | Reached XP level 5. HP: 11/41 MP: 5/8
  3298 | D:3      | Reached skill level 6 in Long Blades
  3327 | D:3      | Reached XP level 6. HP: 6/48 MP: 2/9
  3751 | D:3      | Killed from afar by an orc priest

Skill      XL: |  1  2  3  4  5 |
---------------+----------------+-----
Long Blades    | 3 5 6 |  6.5
Fighting       | |  2.1
Dodging        | |  2.1
Spellcasting   | |  2.0
Charms         | |  2.6

Action                   |  1- 3 |  4- 6 || total
-------------------------+-------+-------++-------
Melee: Falchion          |   108 |   127 ||   235
       Tailslap          |    14 |    18 ||    32
 Cast: Spectral Weapon   |       |     9 ||     9
       Infusion          |       |     1 ||     1
  Use: Scroll            |     3 |       ||     3
       Potion            |       |     1 ||     1
 Stab: Sleeping          |     1 |       ||     1
  Eat: Chunk             |     3 |     4 ||     7
       Ration            |       |     1 ||     1
Armor: Skin              |    29 |    50 ||    79
Dodge: Dodged            |    73 |    85 ||   158
       Rpst.: Falchion   |    33 |    23 ||    56
